General information
- name: BNet
- type: Ladder team game (AT/RT)
- host: Battle.net
- saver: TeamkillerSquad
map: Mur'gulOasis
- players: 8
- length: 30:11
- speed: Fast
- version: 1.26 W3XP
- replay type: Public
» download(163 KB)
Players
team 1 (loser)
immachickd1cks (
blue | 110 APM | 3317 actions | 30:11)
3 Lich
2 Frost Nova
1 Frost Armor
1 Death Knight
1 Death Coil
» actions
| Assign group hotkey | 27 | |
| Basic commands | 45 | |
| Build / train | 56 | |
| Enter build submenu | 18 | |
| Enter hero's abilities submenu | 4 | |
| Right click | 864 | |
| Select / deselect | 436 | |
| Select group hotkey | 1807 | |
| Use ability | 56 | |
3317 total
» units
| Acolyte | 10 | |
| Ghoul | 15 | |
| Meatwagon | 3 | |
| Gargoyle | 5 | |
33 total
» upgrades
| Creature Attack | 3 | |
| Creature Carapace | 1 | |
4 total
» buildings
| Crypt | 2 | |
| Ziggurat | 5 | |
| Altar of Darkness | 1 | |
| Tomb of Relics | 1 | |
| Graveyard | 1 | |
| Halls of the Dead | 2 | |
| Black Citadel | 1 | |
| Slaughterhouse | 2 | |
| Sacrificial Pit | 1 | |
| Necropolis | 1 | |
17 total
» build order
00:12 Crypt
00:14 Ziggurat
00:37 Crypt
00:56 Altar of Darkness
01:26 Ziggurat
01:53 Tomb of Relics
03:38 Ziggurat
04:15 Graveyard
06:06 Halls of the Dead
06:48 Ziggurat
08:52 Black Citadel
08:55 Slaughterhouse
08:56 Slaughterhouse
09:20 Sacrificial Pit
12:26 Ziggurat
16:34 Necropolis
» items
| Rod of Necromancy | 2 | |
| Orb of Corruption | 1 | |
| Potion of Healing | 3 | |
6 total
ThulsaDoom (
purple | 44 APM | 1316 actions | 30:05)
7 Blademaster
3 Wind Walk
3 Critical Strike
1 Bladestorm
» actions
| Assign group hotkey | 13 | |
| Basic commands | 141 | |
| Build / train | 56 | |
| Enter build submenu | 29 | |
| Enter hero's abilities submenu | 7 | |
| Give item / drop item | 8 | |
| Remove unit from queue | 1 | |
| Right click | 630 | |
| Select / deselect | 265 | |
| Select group hotkey | 86 | |
| Use ability | 79 | |
1316 total
» units
» upgrades
| Ranged Weapons | 3 | |
| Armor | 3 | |
| Reinforced Defenses | 1 | |
7 total
» buildings
| Orc Burrow | 4 | |
| Altar of Storms | 1 | |
| Barracks | 1 | |
| Stronghold | 1 | |
| Voodoo Lounge | 3 | |
| War Mill | 2 | |
| Fortress | 1 | |
| Beastiary | 2 | |
| Watch Tower | 13 | |
| Great Hall | 2 | |
30 total
» build order
00:17 Orc Burrow
00:52 Altar of Storms
00:54 Barracks
01:08 Orc Burrow
02:43 Stronghold
03:11 Voodoo Lounge
03:15 Voodoo Lounge
04:24 War Mill
06:11 Fortress
06:13 Beastiary
06:14 Beastiary
06:18 Orc Burrow
06:22 Orc Burrow
09:02 Watch Tower
09:03 Watch Tower
09:03 Watch Tower
09:03 Watch Tower
14:03 Great Hall
14:13 War Mill
14:42 Watch Tower
14:42 Watch Tower
14:43 Watch Tower
14:44 Watch Tower
14:49 Watch Tower
14:49 Watch Tower
15:42 Watch Tower
15:43 Watch Tower
15:47 Watch Tower
16:58 Great Hall
22:06 Voodoo Lounge
» items
| Healing Salve | 4 | |
| Lesser Clarity Potion | 1 | |
| Scroll of Town Portal | 2 | |
| Staff of Teleportation | 1 | |
| Boots of Speed | 1 | |
| Periapt of Vitality | 1 | |
10 total
TeamkillerSquad (
orange | 80 APM | 2430 actions | 30:11)
6 Death Knight
3 Death Coil
3 Unholy Aura
5 Lich
3 Frost Nova
2 Frost Armor
» actions
| Assign group hotkey | 120 | |
| Basic commands | 187 | |
| Build / train | 122 | |
| ESC pressed | 2 | |
| Enter build submenu | 25 | |
| Enter hero's abilities submenu | 10 | |
| Give item / drop item | 12 | |
| Right click | 821 | |
| Select / deselect | 373 | |
| Select group hotkey | 625 | |
| Use ability | 131 | |
2430 total
» units
| Acolyte | 17 | |
| Ghoul | 4 | |
| Crypt Fiend | 17 | |
| Obsidian Statue | 2 | |
| Gargoyle | 3 | |
43 total
» upgrades
| Creature Attack | 3 | |
| Web | 1 | |
| Burrow | 1 | |
| Creature Carapace | 3 | |
| Ghoul Frenzy | 1 | |
| Destroyer Form | 1 | |
10 total
» buildings
| Graveyard | 1 | |
| Crypt | 3 | |
| Ziggurat | 7 | |
| Altar of Darkness | 1 | |
| Tomb of Relics | 1 | |
| Halls of the Dead | 5 | |
| Black Citadel | 4 | |
| Slaughterhouse | 1 | |
| Spirit Tower | 9 | |
| Necropolis | 1 | |
33 total
» build order
00:10 Graveyard
00:17 Crypt
00:44 Ziggurat
00:59 Altar of Darkness
01:15 Tomb of Relics
02:05 Ziggurat
03:21 Ziggurat
04:30 Halls of the Dead
04:30 Halls of the Dead
04:31 Halls of the Dead
07:08 Black Citadel
07:08 Black Citadel
10:35 Ziggurat
11:45 Ziggurat
13:42 Slaughterhouse
14:29 Spirit Tower
14:30 Spirit Tower
14:30 Spirit Tower
14:32 Ziggurat
14:38 Spirit Tower
14:38 Spirit Tower
14:45 Ziggurat
14:57 Spirit Tower
14:57 Spirit Tower
15:02 Crypt
15:04 Crypt
18:53 Necropolis
» items
| Rod of Necromancy | 6 | |
| Staff of Teleportation | 2 | |
| Periapt of Vitality | 1 | |
| Boots of Speed | 1 | |
| Sacrificial Skull | 1 | |
| Orb of Corruption | 5 | |
| Scroll of Town Portal | 1 | |
| Orb of Lightning | 1 | |
18 total

»
Risky_bizzness (
yellow | 33 APM | 585 actions | 17:52)
4 Demon Hunter
2 Immolation
1 Evasion
1 Mana Burn
3 Priestess of the Moon
2 Trueshot Aura
1 Searing Arrows
» actions
| Assign group hotkey | 4 | |
| Build / train | 47 | |
| Enter build submenu | 14 | |
| Enter hero's abilities submenu | 7 | |
| Remove unit from queue | 2 | |
| Right click | 268 | |
| Select / deselect | 183 | |
| Select group hotkey | 32 | |
| Use ability | 28 | |
585 total
» units
» upgrades
| Strength of the Moon | 3 | |
| Moon Armor | 2 | |
| Upgrade Moon Glaive | 1 | |
6 total
» buildings
| Altar of Elders | 1 | |
| Moon Well | 6 | |
| Hunter's Hall | 1 | |
| Ancient of War | 2 | |
| Tree of Ages | 1 | |
| Tree of Eternity | 1 | |
| Ancient of Lore | 1 | |
13 total
» build order
00:21 Altar of Elders
00:37 Moon Well
01:30 Hunter's Hall
02:04 Ancient of War
02:18 Moon Well
03:18 Ancient of War
03:27 Moon Well
04:14 Tree of Ages
05:02 Moon Well
06:11 Moon Well
07:51 Tree of Eternity
08:11 Ancient of Lore
10:51 Moon Well
» items
team 2 (winner)
Joeyn (
pink | 38 APM | 397 actions | 10:30)
2 Death Knight
1 Death Coil
1 Unholy Aura
» actions
| Assign group hotkey | 5 | |
| Basic commands | 2 | |
| Build / train | 19 | |
| Enter build submenu | 9 | |
| Enter hero's abilities submenu | 2 | |
| Right click | 188 | |
| Select / deselect | 107 | |
| Select group hotkey | 38 | |
| Use ability | 27 | |
397 total
» units
| Acolyte | 4 | |
| Ghoul | 4 | |
| Crypt Fiend | 3 | |
11 total
» buildings
| Ziggurat | 4 | |
| Crypt | 1 | |
| Altar of Darkness | 1 | |
| Graveyard | 1 | |
| Tomb of Relics | 1 | |
| Halls of the Dead | 1 | |
| Spirit Tower | 2 | |
| Nerubian Tower | 1 | |
12 total
» build order
00:56 Ziggurat
01:01 Crypt
01:03 Altar of Darkness
01:11 Graveyard
01:21 Ziggurat
01:56 Ziggurat
02:18 Tomb of Relics
03:56 Halls of the Dead
03:59 Ziggurat
04:59 Spirit Tower
05:11 Nerubian Tower
05:22 Spirit Tower
» items

»
IWCbythen (
teal | 31 APM | 941 actions | 30:11)
5 Archmage
3 Summon Water Elemental
2 Brilliance Aura
» actions
| Assign group hotkey | 22 | |
| Basic commands | 63 | |
| Build / train | 27 | |
| ESC pressed | 2 | |
| Enter build submenu | 13 | |
| Enter hero's abilities submenu | 5 | |
| Remove unit from queue | 1 | |
| Right click | 339 | |
| Select / deselect | 359 | |
| Select group hotkey | 73 | |
| Use ability | 37 | |
941 total
» units
| Peasant | 10 | |
| Footman | 5 | |
| Rifleman | 3 | |
18 total
» upgrades
» buildings
| Farm | 6 | |
| Altar of Kings | 1 | |
| Barracks | 1 | |
| Blacksmith | 1 | |
| Arcane Vault | 1 | |
| Keep | 1 | |
11 total
» build order
00:25 Farm
00:38 Altar of Kings
00:54 Barracks
01:03 Farm
01:43 Farm
02:03 Farm
02:17 Blacksmith
03:17 Farm
03:19 Arcane Vault
05:50 Keep
05:55 Farm
GOKU_DOMINATION (
red | 50 APM | 1496 actions | 30:09)
6 Far Seer
3 Feral Spirit
2 Chain Lighting
1 Earth Quake
» actions
| Assign group hotkey | 64 | |
| Basic commands | 27 | |
| Build / train | 50 | |
| Enter build submenu | 18 | |
| Enter hero's abilities submenu | 6 | |
| Give item / drop item | 2 | |
| Remove unit from queue | 2 | |
| Right click | 562 | |
| Select / deselect | 228 | |
| Select group hotkey | 435 | |
| Use ability | 102 | |
1496 total
» units
» upgrades
| Ranged Weapons | 3 | |
| Reinforced Defenses | 1 | |
| Armor | 3 | |
| Envenomed Spears | 1 | |
| Ensnare | 1 | |
9 total
» buildings
| Altar of Storms | 1 | |
| Orc Burrow | 7 | |
| War Mill | 1 | |
| Voodoo Lounge | 1 | |
| Watch Tower | 13 | |
| Stronghold | 1 | |
| Fortress | 2 | |
| Beastiary | 4 | |
30 total
» build order
00:11 Altar of Storms
00:22 Orc Burrow
00:38 War Mill
01:29 Voodoo Lounge
01:51 Watch Tower
02:53 Stronghold
03:13 Orc Burrow
03:45 Orc Burrow
05:01 Orc Burrow
05:15 Watch Tower
05:16 Watch Tower
05:16 Watch Tower
05:18 Watch Tower
05:19 Watch Tower
06:01 Fortress
06:07 Beastiary
06:46 Beastiary
07:43 Watch Tower
07:43 Watch Tower
07:44 Watch Tower
07:45 Watch Tower
09:10 Watch Tower
09:10 Watch Tower
09:11 Watch Tower
10:08 Orc Burrow
12:46 Beastiary
12:53 Orc Burrow
14:37 Beastiary
15:21 Orc Burrow
» items
| Healing Salve | 3 | |
| Lesser Clarity Potion | 3 | |
| Staff of Teleportation | 1 | |
| Scroll of Town Portal | 1 | |
| Potion of Invisibility | 1 | |
| Scroll of Speed | 1 | |
10 total
LA_SOLEDAD (
green | 25 APM | 207 actions | 08:12)
1 Mountain King
1 Storm Bolt
» actions
| Build / train | 25 | |
| Enter build submenu | 15 | |
| Enter hero's abilities submenu | 1 | |
| Remove unit from queue | 2 | |
| Right click | 58 | |
| Select / deselect | 84 | |
| Use ability | 22 | |
207 total
» units
» upgrades
» buildings
| Farm | 9 | |
| Altar of Kings | 1 | |
| Blacksmith | 1 | |
| Barracks | 2 | |
| Lumber Mill | 2 | |
15 total
» build order
00:11 Farm
00:15 Altar of Kings
00:53 Blacksmith
00:56 Farm
01:47 Barracks
01:55 Farm
02:37 Barracks
02:44 Farm
03:16 Farm
03:39 Farm
04:12 Lumber Mill
04:22 Lumber Mill
04:35 Farm
05:23 Farm
05:52 Farm
Chat log
(02:30 / All) ThulsaDoom: Favorite Batman movie?
(02:37 / All) Risky_bizzness: rises
(02:37 / All) Joeyn: first onw
(02:38 / All) GOKU_DOMINATION: dark knight
(02:48 / All) ThulsaDoom: Begins is my fave
(02:48 / All) IWCbythen: the one where the rich whtie guy beats up on the minorites
(02:55 / All) Joeyn: yes the first one
(03:21 / Allies) Risky_bizzness: im massing hunts
(03:27 / Allies) ThulsaDoom: Cool
(03:29 / All) Joeyn: the joker and bane and the first bad guy are white
(03:29 / Allies) immachickd1cks: i am just going kill one of them
(03:30 / Allies) immachickd1cks: now
(03:45 / All) IWCbythen: yeah but allt he sub plot crooks r minorites
(04:14 / All) Joeyn: white people are the bosses
(04:16 / Allies) ThulsaDoom: really you couldn't go creep elsewhere
(04:27 / Allies) immachickd1cks: ill have shield
(04:30 / Allies) immachickd1cks: to protect u
(04:32 / Allies) immachickd1cks: and slow them
(04:38 / Allies) immachickd1cks: go
(05:53 / Allies) immachickd1cks: attack
(06:02 / Allies) Risky_bizzness: omw
(06:04 / Allies) ThulsaDoom: easily could ahve surrounded the fucking dk like 5 times
(06:21 / Allies) TeamkillerSquad: I doubt he knows what that is
(07:17 / Allies) immachickd1cks: lol
(07:19 / Allies) immachickd1cks: so i am noob
(07:20 / Allies) immachickd1cks: purp
(07:31 / Allies) immachickd1cks: or i should of went creep somewhere else
(07:32 / Allies) ThulsaDoom: you just ghoo rushed
(07:34 / All) TeamkillerSquad: Green is being raped
(07:35 / All) TeamkillerSquad: wow
(07:47 / Allies) ThulsaDoom: and it worked out against a human
(07:52 / All) immachickd1cks: i rush
(07:54 / Allies) immachickd1cks: 2 people
(07:56 / Allies) immachickd1cks: with
(08:02 / Allies) immachickd1cks: with 6 ghouls
(08:03 / Allies) immachickd1cks: and raped
(08:05 / Allies) immachickd1cks: 2 armies
(08:06 / All) IWCbythen: yay we're bosses!
(08:12 / All) GOKU_DOMINATION: pink is out of gold lol
(08:34 / Allies) ThulsaDoom: nova am
(08:36 / All) Joeyn: so give me some you have 800
(08:39 / Allies) immachickd1cks: no mana
(08:44 / All) Joeyn: youre towers wont work
(08:46 / All) GOKU_DOMINATION: give me wood ifrst
(08:48 / All) GOKU_DOMINATION: and ill give u gold
(08:55 / All) ThulsaDoom: lawl wtf
(09:02 / All) Joeyn: give gold
(09:09 / Allies) ThulsaDoom: I need gold
(09:17 / All) ThulsaDoom: That AM did way more damage
(09:23 / All) ThulsaDoom: does it have evasion item
(09:30 / All) IWCbythen: yep
(09:44 / All) GOKU_DOMINATION: another dude game
(09:46 / Allies) immachickd1cks: now i have
(09:48 / Allies) immachickd1cks: second
(09:50 / Allies) immachickd1cks: russh
(09:51 / Allies) immachickd1cks: called
(09:55 / Allies) immachickd1cks: ballist rush lol
(09:55 / All) ThulsaDoom: I thought I had an extra strike
(09:57 / Allies) immachickd1cks: lmao
(10:06 / All) TeamkillerSquad: You can tell blue thinks he's really good
(10:10 / All) TeamkillerSquad: but he's not
(10:18 / All) immachickd1cks: i am rank 3
(10:22 / Allies) immachickd1cks: at
(10:24 / All) TeamkillerSquad: That doesn't mean anything
(10:28 / All) TeamkillerSquad: It's 2013
(10:29 / Allies) immachickd1cks: yeah
(10:31 / All) TeamkillerSquad: no one even plays AT
(10:36 / Allies) immachickd1cks: 53:11
(10:41 / Allies) immachickd1cks: how u expain that
(10:42 / Allies) immachickd1cks: 6 loses
(10:44 / Allies) immachickd1cks: to hackers
(10:48 / Allies) TeamkillerSquad: drophack like everyone else in it
(10:49 / Allies) immachickd1cks: and 5 players didnt show up
(10:55 / Allies) immachickd1cks: check my game length
(11:01 / Allies) immachickd1cks: and not single replay
(11:04 / Allies) immachickd1cks: on wcreplays
(11:29 / Allies) ThulsaDoom: help anyone?
(11:34 / Allies) Risky_bizzness: omw
(11:41 / Allies) immachickd1cks: stop
(11:43 / Allies) immachickd1cks: feeding him
(11:59 / All) ThulsaDoom: dead am
(12:17 / All) ThulsaDoom: niglet
(12:52 / Allies) immachickd1cks: web?
(12:53 / Allies) immachickd1cks: orange
(12:56 / Allies) TeamkillerSquad: Yes
(13:07 / All) IWCbythen: that makes u a shitlet
(13:08 / Allies) immachickd1cks: come with me
(13:57 / All) IWCbythen: bet red all
(14:11 / Allies) immachickd1cks: fucking noob
(14:13 / Allies) immachickd1cks: i told
(14:14 / Allies) TeamkillerSquad: lawl
(14:15 / Allies) immachickd1cks: u come here
(14:15 / Allies) immachickd1cks: idiots
(14:17 / Allies) immachickd1cks: i need web
(14:20 / Allies) TeamkillerSquad: Why would I help you
(14:23 / Allies) TeamkillerSquad: You're an asshole
(14:28 / Allies) ThulsaDoom: you going ghoo all game?
(14:30 / Allies) immachickd1cks: i am going kill u now
(14:33 / Allies) TeamkillerSquad: try it
(14:36 / Allies) TeamkillerSquad: you couldn't if you wanted to
(15:32 / Allies) TeamkillerSquad: Ready to die blue?
(15:33 / Allies) ThulsaDoom: coming blue?
(15:56 / Allies) TeamkillerSquad: Good for nothing tker
(16:16 / Allies) ThulsaDoom: raped lol
(16:17 / Allies) TeamkillerSquad: You couldn't kill me if you wanted to
(16:17 / All) IWCbythen: know how many times I call people niglets on ks?
(16:32 / Allies) TeamkillerSquad: This is a team game
(16:36 / Allies) TeamkillerSquad: And we're teaming to kill the tker
(16:56 / Allies) TeamkillerSquad: You are 197-204 now
(16:57 / Allies) TeamkillerSquad: horrible record
(17:01 / Allies) immachickd1cks: now
(17:03 / Allies) immachickd1cks: go stats
(17:05 / Allies) immachickd1cks: rt4fun
(17:07 / Allies) immachickd1cks: or profile
(17:13 / Allies) TeamkillerSquad: Yeah I'm sure that's yours, 69-43 lol
(17:15 / Allies) immachickd1cks: and this is my girlfriends account
(17:18 / Allies) immachickd1cks: i am leving
(17:21 / Allies) TeamkillerSquad: lol
(17:22 / Allies) TeamkillerSquad: sure it is
(17:29 / Allies) immachickd1cks: go on it
(17:32 / Allies) immachickd1cks: in clan ocG
(17:35 / Allies) immachickd1cks: ill log off
(17:37 / Allies) immachickd1cks: and go on it
(17:39 / Allies) immachickd1cks: in front of u
(17:40 / Allies) immachickd1cks: noob
(17:42 / Allies) TeamkillerSquad: Doesn't make it yours
(17:44 / Allies) immachickd1cks: and go solo me
(17:46 / Allies) TeamkillerSquad: I bet you bought it
(17:51 / Allies) TeamkillerSquad: You'd dodge
(17:52 / Allies) immachickd1cks: i just played today
(17:52 / Allies) TeamkillerSquad: they always do
(17:56 / Allies) immachickd1cks: tour u stupud fuck
(18:03 / All) GOKU_DOMINATION: D
(18:10 / Allies) TeamkillerSquad: Hey I'm the one winning
(18:14 / Allies) ThulsaDoom: Thanks for the gold mine, bud
(18:15 / Allies) TeamkillerSquad: No need to be so upset and use insults
(18:30 / Allies) immachickd1cks: ill tc
(18:31 / Allies) immachickd1cks: tk
(18:34 / Allies) immachickd1cks: in next
(18:35 / Allies) immachickd1cks: game
(18:37 / Allies) TeamkillerSquad: lol
(18:37 / Allies) immachickd1cks: dont worry
(18:41 / Allies) ThulsaDoom: There won't be a next game
(18:41 / Allies) TeamkillerSquad: You couldn't if you wanted to
(20:15 / All) TeamkillerSquad: Nice try
(20:32 / All) TeamkillerSquad: Was that worth the 2 acolytes?
(20:45 / All) IWCbythen: yeah i try to keep it clean
(20:51 / All) GOKU_DOMINATION: lol
(20:58 / All) IWCbythen: i'm not a galan cuz I'm an asshole
(22:32 / All) GOKU_DOMINATION: slow miner
(22:34 / All) GOKU_DOMINATION: is slow
(22:46 / All) TeamkillerSquad: Blue sure cares about his record
(22:47 / All) TeamkillerSquad: still here
(22:52 / All) TeamkillerSquad: Want to know the way we'd let you win blue?
(22:55 / All) TeamkillerSquad: the ony and only?
(22:57 / All) TeamkillerSquad: How about you teal?
(23:12 / All) IWCbythen: clean clean clean
(23:13 / Allies) immachickd1cks: >
(23:40 / All) IWCbythen: i know how to purge my words of offensive spin
(23:54 / All) IWCbythen: it's a worthwhile skill to learn
(24:43 / All) GOKU_DOMINATION: run
(24:55 / All) GOKU_DOMINATION: ow
(25:27 / All) GOKU_DOMINATION: ow
(26:49 / Allies) TeamkillerSquad: Almost forgot my ghouls
(27:04 / All) IWCbythen: moo moo milk
(27:38 / All) GOKU_DOMINATION: what is going on
(27:39 / All) GOKU_DOMINATION: teal
(27:46 / All) IWCbythen: idk u tell me
(28:10 / Allies) ThulsaDoom: Had it in queue then canceled that queue whoops
(28:16 / All) GOKU_DOMINATION: i believe they are hooligans
(28:18 / All) GOKU_DOMINATION: do u agree teal
(28:25 / All) IWCbythen: obviously you guys think my time's worth a lot, cuz you havn't finished us off
(30:04 / All) ThulsaDoom: Good luck blue
(30:06 / All) TeamkillerSquad: Good luck everyone
(30:09 / All) TeamkillerSquad: LET IT BEGIN, LET IT BEGIN!